[ PARTIDA AOE2 · #468753766 ]
Team RMBereberes vs Saracens
[ ANÁLISIS DE REPETICIÓN · EXTRAÍDO DE LA PARTIDA GRABADA ]
Feudal
11:03
Castillos
23:03
Imperial
39:35
| APM promedio | 31.1 |
| APM pico | 72 |
| eAPM promedio | 17.3 |
| Aldeanos / militares | 139 / 147 |
Foco
⚔️ 32.4% · 🌾 67.6%
Camel Archer ×78 · Scout Cavalry ×34 · Knight ×17 · Camel Scout ×6 · Monk ×5 · Trebuchet (Packed) ×4
Feudal
9:55
Castillos
22:48
Imperial
39:07
| APM promedio | 55.1 |
| APM pico | 96 |
| eAPM promedio | 24.3 |
| Aldeanos / militares | 203 / 357 |
Foco
⚔️ 39.0% · 🌾 61.0%
Genitour ×138 · Spearman ×85 · Archer ×58 · Militia ×45 · Skirmisher ×22 · Trebuchet (Packed) ×7
Feudal
10:29
Castillos
24:29
Imperial
41:21
| APM promedio | 42.4 |
| APM pico | 101 |
| eAPM promedio | 20.9 |
| Aldeanos / militares | 167 / 146 |
Foco
⚔️ 28.7% · 🌾 71.3%
Konnik ×68 · Cavalry Archer ×36 · Archer ×29 · Spearman ×6 · Mangonel ×3 · Monk ×2
Feudal
9:15
Castillos
24:28
Imperial
40:20
| APM promedio | 33.2 |
| APM pico | 78 |
| eAPM promedio | 15.0 |
| Aldeanos / militares | 131 / 251 |
Foco
⚔️ 29.1% · 🌾 70.9%
Huskarl ×152 · Knight ×62 · Scout Cavalry ×25 · Trebuchet (Packed) ×8 · Monk ×3 · Spearman ×1
Feudal
9:26
Castillos
22:14
Imperial
38:55
| APM promedio | 49.9 |
| APM pico | 112 |
| eAPM promedio | 30.8 |
| Aldeanos / militares | 133 / 203 |
Foco
⚔️ 28.4% · 🌾 71.6%
Archer ×114 · Skirmisher ×28 · Cavalry Archer ×27 · Camel Scout ×11 · Scout Cavalry ×8 · Shotel Warrior ×6
Feudal
9:59
Castillos
23:12
Imperial
41:28
| APM promedio | 36.7 |
| APM pico | 64 |
| eAPM promedio | 19.5 |
| Aldeanos / militares | 166 / 125 |
Foco
⚔️ 31.3% · 🌾 68.7%
Archer ×60 · Mameluke ×33 · Scout Cavalry ×20 · Spearman ×9 · Monk ×1 · Militia ×1
Mapa de la partida
Recursos iniciales + cada clic de construcción. Líneas = muros · curvas = relieve. ◆ oro · ⬟ piedra · ● bayas · ✦ reliquia · ◌ hueco del cierre
Tu base· Abierta — flanco sin cerrar
Base de devaluaNico· Abierta — flanco sin cerrar
Base de LM | Gelga· Abierta — flanco sin cerrar
Base de champyinz.21· Abierta — flanco sin cerrar
Base de LM | CoMa
Base de Brudiiii· Abierta — hueco de 9t
Terreno inicial suavizado · ◌ = hueco del cierre detectado · pasá el cursor para detalles
Inputs por minuto
— helgibry - - devaluaNico
Build order — helgibry
Primeras 150 de 470 acciones detectadas
| 0:01 | Crear | Villager (Male) |
| 0:01 | Crear | Villager (Male) |
| 0:03 | Construir | House |
| 0:04 | Construir | House |
| 0:18 | Crear | Villager (Male) |
| 0:18 | Crear | Villager (Male) |
| 0:19 | Crear | Villager (Male) |
| 1:21 | Crear | Villager (Male) |
| 1:46 | Construir | Lumber Camp |
| 2:02 | Crear | Villager (Male) |
| 2:30 | Crear | Villager (Male) |
| 2:30 | Crear | Villager (Male) |
| 2:40 | Crear | Villager (Male) |
| 3:11 | Crear | Villager (Male) |
| 3:11 | Crear | Villager (Male) |
| 3:17 | Construir | House |
| 3:47 | Crear | Villager (Male) |
| 3:48 | Crear | Villager (Male) |
| 4:14 | Crear | Villager (Male) |
| 4:14 | Crear | Villager (Male) |
| 4:21 | Construir | Mill |
| 4:35 | Crear | Villager (Male) |
| 4:35 | Crear | Villager (Male) |
| 5:05 | Crear | Villager (Male) |
| 5:05 | Crear | Villager (Male) |
| 5:27 | Crear | Villager (Male) |
| 5:27 | Crear | Villager (Male) |
| 5:36 | Construir | House |
| 5:57 | Crear | Villager (Male) |
| 5:57 | Crear | Villager (Male) |
| 6:15 | Crear | Villager (Male) |
| 6:25 | Construir | Mill |
| 6:31 | Crear | Villager (Male) |
| 6:32 | Crear | Villager (Male) |
| 6:58 | Crear | Villager (Male) |
| 7:16 | Investigar | Loom |
| 7:53 | Crear | Villager (Male) |
| 7:55 | Construir | House |
| 8:22 | Crear | Villager (Male) |
| 8:53 | Investigar | Feudal Age |
| 8:53 | Investigar | Feudal Age |
| 9:32 | Construir | Lumber Camp |
| 9:51 | Construir | Barracks |
| 9:54 | Construir | Palisade Wall |
| 10:05 | Crear | Villager (Male) |
| 10:43 | Construir | Palisade Gate |
| 10:45 | Construir | Palisade Wall |
| 10:59 | Construir | Palisade Wall |
| 11:03 | Edad | Edad Feudal |
| 11:06 | Construir | Stable |
| 11:07 | Crear | Villager (Male) |
| 11:08 | Crear | Spearman |
| 11:17 | Investigar | Double-Bit Axe |
| 11:18 | Crear | Villager (Male) |
| 11:29 | Crear | Villager (Male) |
| 11:48 | Crear | Spearman |
| 11:52 | Crear | Villager (Male) |
| 11:56 | Construir | House |
| 12:04 | Crear | Villager (Male) |
| 12:09 | Crear | Scout Cavalry |
| 12:09 | Crear | Scout Cavalry |
| 12:34 | Crear | Villager (Male) |
| 12:41 | Construir | House |
| 12:45 | Crear | Scout Cavalry |
| 12:47 | Crear | Spearman |
| 12:53 | Crear | Villager (Male) |
| 13:10 | Crear | Scout Cavalry |
| 13:12 | Crear | Villager (Male) |
| 13:49 | Construir | Market |
| 13:54 | Crear | Villager (Male) |
| 14:06 | Construir | Mining Camp |
| 14:27 | Construir | House |
| 14:33 | Crear | Villager (Male) |
| 14:47 | Crear | Villager (Male) |
| 14:52 | Crear | Villager (Male) |
| 15:23 | Construir | Farm |
| 15:23 | Construir | Farm |
| 15:23 | Construir | Farm |
| 15:23 | Construir | Farm |
| 15:24 | Construir | Farm |
| 15:29 | Construir | Watch Tower |
| 15:37 | Construir | Farm |
| 15:37 | Construir | Farm |
| 15:37 | Construir | Farm |
| 15:38 | Construir | Farm |
| 15:38 | Construir | Farm |
| 15:38 | Construir | Farm |
| 15:59 | Construir | Mill |
| 16:10 | Construir | Mining Camp |
| 16:12 | Construir | Farm |
| 16:12 | Construir | Farm |
| 16:13 | Construir | Farm |
| 16:13 | Construir | Farm |
| 16:13 | Construir | Farm |
| 16:13 | Construir | Farm |
| 16:17 | Crear | Villager (Male) |
| 17:06 | Construir | Farm |
| 17:28 | Crear | Villager (Male) |
| 17:34 | Construir | Watch Tower |
| 17:37 | Crear | Villager (Male) |
| 17:49 | Construir | Farm |
| 18:15 | Crear | Villager (Male) |
| 18:17 | Construir | Farm |
| 18:17 | Construir | Farm |
| 18:17 | Construir | Farm |
| 18:18 | Construir | Farm |
| 18:18 | Construir | Farm |
| 18:18 | Construir | Farm |
| 18:35 | Construir | Farm |
| 18:37 | Crear | Villager (Male) |
| 18:43 | Construir | Farm |
| 18:52 | Crear | Villager (Male) |
| 19:02 | Crear | Villager (Male) |
| 19:07 | Construir | Lumber Camp |
| 19:15 | Construir | House |
| 19:51 | Construir | Farm |
| 19:57 | Crear | Villager (Male) |
| 20:03 | Crear | Villager (Male) |
| 20:17 | Investigar | Castle Age |
| 20:30 | Construir | House |
| 21:09 | Crear | Villager (Male) |
| 21:13 | Investigar | Stone Mining |
| 21:22 | Investigar | Gold Mining |
| 21:32 | Investigar | Horse Collar |
| 21:42 | Construir | Stable |
| 22:00 | Construir | Blacksmith |
| 22:57 | Investigar | Forging |
| 22:59 | Investigar | Bloodlines |
| 23:03 | Edad | Edad de los Castillos |
| 23:09 | Crear | Knight |
| 23:09 | Crear | Knight |
| 23:11 | Crear | Villager (Male) |
| 23:18 | Construir | Town Center |
| 23:21 | Crear | Villager (Male) |
| 23:35 | Crear | Knight |
| 23:39 | Investigar | Scale Barding Armor |
| 23:42 | Crear | Villager (Male) |
| 23:47 | Construir | Palisade Wall |
| 23:50 | Crear | Knight |
| 24:09 | Investigar | Bow Saw |
| 24:16 | Construir | Farm |
| 24:17 | Construir | Farm |
| 24:22 | Crear | Villager (Male) |
| 24:36 | Crear | Knight |
| 24:45 | Crear | Villager (Male) |
| 24:53 | Construir | Mill |
| 24:58 | Crear | Villager (Male) |
| 25:05 | Crear | Camel Scout |
| 25:42 | Crear | Villager (Male) |
| 25:44 | Crear | Villager (Male) |
Build order — devaluaNico
Primeras 150 de 592 acciones detectadas
| 0:01 | Crear | Villager (Male) |
| 0:02 | Construir | House |
| 0:03 | Construir | House |
| 0:15 | Crear | Villager (Male) |
| 0:21 | Crear | Villager (Male) |
| 0:21 | Crear | Villager (Male) |
| 1:22 | Crear | Villager (Male) |
| 1:23 | Crear | Villager (Male) |
| 1:50 | Construir | Lumber Camp |
| 2:01 | Crear | Villager (Male) |
| 2:01 | Crear | Villager (Male) |
| 2:32 | Crear | Villager (Male) |
| 2:32 | Crear | Villager (Male) |
| 2:41 | Crear | Villager (Male) |
| 2:42 | Crear | Villager (Male) |
| 3:15 | Crear | Villager (Male) |
| 3:16 | Crear | Villager (Male) |
| 3:16 | Crear | Villager (Male) |
| 3:38 | Crear | Villager (Male) |
| 3:38 | Crear | Villager (Male) |
| 3:57 | Crear | Villager (Male) |
| 3:57 | Crear | Villager (Male) |
| 4:03 | Construir | House |
| 4:18 | Crear | Villager (Male) |
| 4:18 | Crear | Villager (Male) |
| 4:45 | Crear | Villager (Male) |
| 4:48 | Construir | Mill |
| 5:08 | Construir | Palisade Wall |
| 5:24 | Crear | Villager (Male) |
| 5:30 | Crear | Villager (Male) |
| 6:06 | Construir | House |
| 6:07 | Crear | Villager (Male) |
| 6:33 | Investigar | Loom |
| 7:08 | Crear | Villager (Male) |
| 7:45 | Investigar | Feudal Age |
| 7:45 | Investigar | Feudal Age |
| 8:35 | Construir | Barracks |
| 8:57 | Construir | Mining Camp |
| 9:20 | Crear | Villager (Male) |
| 9:55 | Edad | Edad Feudal |
| 10:11 | Construir | Archery Range |
| 10:13 | Crear | Villager (Male) |
| 10:32 | Crear | Villager (Male) |
| 10:38 | Investigar | Double-Bit Axe |
| 10:38 | Investigar | Double-Bit Axe |
| 10:43 | Construir | House |
| 10:43 | Construir | House |
| 10:45 | Crear | Villager (Male) |
| 10:52 | Crear | Archer |
| 11:06 | Crear | Archer |
| 11:29 | Crear | Archer |
| 11:30 | Crear | Villager (Male) |
| 11:51 | Construir | House |
| 11:51 | Construir | House |
| 11:55 | Construir | House |
| 11:56 | Construir | House |
| 11:59 | Crear | Archer |
| 11:59 | Crear | Villager (Male) |
| 12:06 | Construir | Farm |
| 12:15 | Crear | Archer |
| 12:15 | Crear | Villager (Male) |
| 12:21 | Construir | Archery Range |
| 12:33 | Construir | Palisade Wall |
| 12:42 | Construir | Farm |
| 12:53 | Crear | Villager (Male) |
| 12:54 | Crear | Villager (Male) |
| 13:02 | Construir | Farm |
| 13:14 | Construir | Farm |
| 13:21 | Crear | Villager (Male) |
| 13:22 | Crear | Villager (Male) |
| 13:32 | Crear | Archer |
| 13:32 | Crear | Archer |
| 13:38 | Crear | Villager (Male) |
| 13:46 | Construir | House |
| 13:49 | Construir | Blacksmith |
| 13:59 | Construir | Farm |
| 14:06 | Crear | Archer |
| 14:07 | Crear | Villager (Male) |
| 14:15 | Crear | Villager (Male) |
| 14:50 | Crear | Archer |
| 14:50 | Crear | Villager (Male) |
| 14:53 | Construir | Farm |
| 15:19 | Crear | Archer |
| 15:19 | Crear | Archer |
| 15:19 | Crear | Villager (Male) |
| 15:20 | Crear | Villager (Male) |
| 15:35 | Construir | Farm |
| 15:39 | Construir | Farm |
| 15:40 | Construir | Farm |
| 15:41 | Crear | Villager (Male) |
| 15:48 | Crear | Villager (Male) |
| 15:59 | Crear | Archer |
| 16:02 | Crear | Spearman |
| 16:02 | Crear | Spearman |
| 16:04 | Crear | Villager (Male) |
| 16:16 | Crear | Villager (Male) |
| 16:19 | Construir | House |
| 16:20 | Construir | House |
| 16:27 | Construir | House |
| 16:39 | Investigar | Fletching |
| 16:46 | Crear | Villager (Male) |
| 16:51 | Construir | Mill |
| 16:53 | Crear | Spearman |
| 17:16 | Crear | Archer |
| 17:17 | Crear | Villager (Male) |
| 17:18 | Crear | Villager (Male) |
| 17:21 | Construir | Farm |
| 17:26 | Crear | Villager (Male) |
| 17:30 | Construir | House |
| 17:36 | Crear | Archer |
| 17:43 | Crear | Villager (Male) |
| 17:49 | Crear | Villager (Male) |
| 17:51 | Construir | Farm |
| 17:54 | Construir | Farm |
| 17:56 | Crear | Archer |
| 17:57 | Crear | Archer |
| 18:09 | Crear | Spearman |
| 18:37 | Crear | Archer |
| 18:37 | Crear | Archer |
| 18:38 | Crear | Villager (Male) |
| 18:46 | Construir | Farm |
| 18:56 | Crear | Villager (Male) |
| 18:59 | Construir | Market |
| 19:05 | Construir | Farm |
| 19:10 | Crear | Archer |
| 19:22 | Crear | Archer |
| 19:47 | Crear | Archer |
| 20:08 | Investigar | Castle Age |
| 20:08 | Investigar | Castle Age |
| 20:08 | Investigar | Castle Age |
| 20:13 | Crear | Villager (Male) |
| 20:13 | Crear | Villager (Male) |
| 20:17 | Construir | Mining Camp |
| 20:21 | Crear | Archer |
| 20:21 | Crear | Archer |
| 20:37 | Crear | Spearman |
| 20:37 | Crear | Spearman |
| 20:45 | Crear | Archer |
| 20:45 | Crear | Archer |
| 20:46 | Crear | Villager (Male) |
| 20:50 | Construir | House |
| 20:51 | Construir | House |
| 20:53 | Construir | House |
| 21:14 | Crear | Archer |
| 21:15 | Crear | Villager (Male) |
| 21:29 | Crear | Archer |
| 21:33 | Crear | Archer |
| 21:50 | Crear | Archer |
| 21:50 | Crear | Archer |
| 22:20 | Crear | Archer |
Build order — LM | Gelga
Primeras 150 de 474 acciones detectadas
| 0:01 | Crear | Villager (Male) |
| 0:01 | Crear | Villager (Male) |
| 0:02 | Crear | Villager (Male) |
| 0:02 | Crear | Villager (Male) |
| 0:02 | Crear | Villager (Male) |
| 0:04 | Construir | House |
| 0:05 | Construir | House |
| 1:25 | Crear | Villager (Male) |
| 1:52 | Construir | Lumber Camp |
| 1:53 | Crear | Villager (Male) |
| 1:54 | Crear | Villager (Male) |
| 2:28 | Crear | Villager (Male) |
| 2:47 | Crear | Villager (Male) |
| 3:13 | Crear | Villager (Male) |
| 3:26 | Construir | House |
| 3:27 | Construir | House |
| 3:37 | Crear | Villager (Male) |
| 3:59 | Crear | Villager (Male) |
| 4:25 | Construir | Mill |
| 4:27 | Crear | Villager (Male) |
| 4:49 | Crear | Villager (Male) |
| 5:25 | Crear | Villager (Male) |
| 5:45 | Crear | Villager (Male) |
| 6:08 | Construir | Mill |
| 6:13 | Crear | Villager (Male) |
| 6:27 | Crear | Villager (Male) |
| 6:42 | Crear | Villager (Male) |
| 7:25 | Investigar | Loom |
| 7:32 | Construir | Mill |
| 8:19 | Investigar | Feudal Age |
| 8:20 | Investigar | Feudal Age |
| 8:27 | Construir | House |
| 9:01 | Construir | Palisade Wall |
| 9:52 | Construir | Barracks |
| 10:29 | Edad | Edad Feudal |
| 10:33 | Crear | Villager (Male) |
| 10:33 | Crear | Villager (Male) |
| 10:36 | Investigar | Double-Bit Axe |
| 10:52 | Construir | Archery Range |
| 10:57 | Construir | Archery Range |
| 11:11 | Construir | Palisade Wall |
| 11:14 | Construir | Palisade Wall |
| 11:19 | Construir | Palisade Wall |
| 11:21 | Crear | Spearman |
| 11:23 | Crear | Villager (Male) |
| 11:25 | Crear | Villager (Male) |
| 11:40 | Crear | Villager (Male) |
| 11:48 | Construir | Archery Range |
| 12:01 | Crear | Villager (Male) |
| 12:27 | Construir | Mining Camp |
| 12:31 | Crear | Villager (Male) |
| 12:40 | Construir | Palisade Wall |
| 12:44 | Construir | Palisade Wall |
| 12:47 | Crear | Villager (Male) |
| 12:49 | Crear | Archer |
| 12:52 | Construir | House |
| 13:07 | Construir | Farm |
| 13:07 | Construir | Farm |
| 13:08 | Construir | Farm |
| 13:10 | Construir | Farm |
| 13:10 | Construir | Farm |
| 13:11 | Crear | Villager (Male) |
| 13:18 | Crear | Spearman |
| 13:41 | Construir | Archery Range |
| 13:47 | Crear | Archer |
| 13:49 | Crear | Villager (Male) |
| 14:02 | Construir | House |
| 14:13 | Crear | Archer |
| 14:18 | Construir | Farm |
| 14:19 | Crear | Spearman |
| 14:36 | Crear | Spearman |
| 14:40 | Construir | House |
| 14:54 | Crear | Archer |
| 14:55 | Crear | Archer |
| 14:55 | Crear | Archer |
| 14:57 | Crear | Villager (Male) |
| 15:28 | Crear | Archer |
| 15:29 | Crear | Archer |
| 15:34 | Construir | Farm |
| 15:44 | Crear | Villager (Male) |
| 16:02 | Crear | Villager (Male) |
| 16:21 | Construir | Blacksmith |
| 16:26 | Crear | Villager (Male) |
| 16:44 | Crear | Villager (Male) |
| 16:47 | Crear | Archer |
| 16:47 | Crear | Archer |
| 16:57 | Investigar | Fletching |
| 16:57 | Investigar | Fletching |
| 17:06 | Crear | Archer |
| 17:06 | Crear | Archer |
| 17:12 | Crear | Villager (Male) |
| 17:27 | Construir | House |
| 17:32 | Construir | Lumber Camp |
| 17:50 | Investigar | Wheelbarrow |
| 18:02 | Construir | House |
| 18:34 | Crear | Archer |
| 18:35 | Crear | Archer |
| 18:35 | Crear | Archer |
| 18:39 | Crear | Villager (Male) |
| 18:42 | Construir | Farm |
| 18:50 | Crear | Archer |
| 19:05 | Crear | Villager (Male) |
| 19:35 | Crear | Archer |
| 19:35 | Crear | Archer |
| 19:39 | Construir | Farm |
| 19:42 | Crear | Villager (Male) |
| 19:48 | Construir | Farm |
| 19:51 | Construir | Farm |
| 19:57 | Crear | Archer |
| 20:06 | Crear | Villager (Male) |
| 20:15 | Construir | Farm |
| 20:30 | Construir | Farm |
| 20:34 | Crear | Villager (Male) |
| 20:35 | Crear | Archer |
| 20:36 | Crear | Archer |
| 20:37 | Crear | Archer |
| 20:44 | Construir | Farm |
| 20:46 | Construir | Farm |
| 20:51 | Crear | Villager (Male) |
| 21:16 | Construir | House |
| 21:19 | Construir | House |
| 21:49 | Investigar | Castle Age |
| 21:57 | Construir | Archery Range |
| 22:04 | Crear | Archer |
| 22:05 | Crear | Archer |
| 22:05 | Crear | Archer |
| 22:07 | Crear | Archer |
| 22:22 | Investigar | Horse Collar |
| 22:22 | Investigar | Horse Collar |
| 22:55 | Construir | Mining Camp |
| 23:02 | Investigar | Padded Archer Armor |
| 23:03 | Crear | Archer |
| 23:04 | Crear | Archer |
| 23:04 | Crear | Archer |
| 23:17 | Investigar | Gold Mining |
| 23:22 | Crear | Spearman |
| 23:23 | Crear | Spearman |
| 24:24 | Construir | Market |
| 24:29 | Edad | Edad de los Castillos |
| 24:37 | Investigar | Bodkin Arrow |
| 24:55 | Crear | Villager (Male) |
| 24:55 | Crear | Villager (Male) |
| 24:55 | Crear | Villager (Male) |
| 25:28 | Crear | Cavalry Archer |
| 25:28 | Crear | Cavalry Archer |
| 26:08 | Construir | Mining Camp |
| 26:09 | Crear | Villager (Male) |
| 26:20 | Construir | Lumber Camp |
| 26:22 | Crear | Villager (Male) |
| 26:27 | Crear | Villager (Male) |
Build order — champyinz.21
Primeras 150 de 455 acciones detectadas
| 0:01 | Crear | Villager (Male) |
| 0:01 | Crear | Villager (Male) |
| 0:01 | Crear | Villager (Male) |
| 0:03 | Construir | House |
| 0:06 | Construir | House |
| 1:09 | Crear | Villager (Male) |
| 1:32 | Crear | Villager (Male) |
| 1:32 | Crear | Villager (Male) |
| 1:47 | Construir | Lumber Camp |
| 2:04 | Crear | Villager (Male) |
| 2:05 | Crear | Villager (Male) |
| 2:43 | Crear | Villager (Male) |
| 2:43 | Crear | Villager (Male) |
| 3:27 | Crear | Villager (Male) |
| 3:40 | Construir | House |
| 3:52 | Crear | Villager (Male) |
| 3:52 | Crear | Villager (Male) |
| 4:44 | Crear | Villager (Male) |
| 4:46 | Construir | Mill |
| 5:05 | Crear | Villager (Male) |
| 5:27 | Crear | Villager (Male) |
| 5:28 | Crear | Villager (Male) |
| 5:56 | Crear | Villager (Male) |
| 6:15 | Crear | Villager (Male) |
| 6:16 | Investigar | Loom |
| 7:05 | Investigar | Feudal Age |
| 7:06 | Investigar | Feudal Age |
| 8:14 | Construir | House |
| 8:25 | Construir | Barracks |
| 8:51 | Crear | Villager (Male) |
| 9:15 | Edad | Edad Feudal |
| 9:17 | Construir | Stable |
| 9:23 | Construir | House |
| 9:48 | Crear | Villager (Male) |
| 9:53 | Investigar | Double-Bit Axe |
| 9:58 | Crear | Scout Cavalry |
| 9:58 | Crear | Scout Cavalry |
| 10:10 | Crear | Villager (Male) |
| 10:12 | Construir | Farm |
| 10:14 | Construir | Farm |
| 10:17 | Construir | Farm |
| 10:21 | Construir | House |
| 10:28 | Crear | Villager (Male) |
| 10:34 | Construir | Farm |
| 10:42 | Construir | House |
| 10:44 | Crear | Scout Cavalry |
| 10:51 | Crear | Villager (Male) |
| 10:57 | Construir | Farm |
| 11:35 | Crear | Villager (Male) |
| 11:56 | Crear | Scout Cavalry |
| 12:00 | Construir | House |
| 12:02 | Construir | Blacksmith |
| 12:05 | Construir | Farm |
| 12:07 | Construir | Farm |
| 12:09 | Construir | Farm |
| 12:10 | Crear | Villager (Male) |
| 12:14 | Construir | Farm |
| 12:33 | Construir | Mill |
| 12:37 | Crear | Villager (Male) |
| 12:54 | Construir | Farm |
| 12:55 | Crear | Scout Cavalry |
| 13:02 | Crear | Spearman |
| 13:13 | Construir | Farm |
| 13:50 | Crear | Villager (Male) |
| 13:51 | Crear | Scout Cavalry |
| 13:59 | Construir | House |
| 14:01 | Construir | House |
| 14:04 | Crear | Villager (Male) |
| 14:25 | Crear | Scout Cavalry |
| 14:29 | Crear | Villager (Male) |
| 14:49 | Crear | Villager (Male) |
| 15:02 | Investigar | Scale Barding Armor |
| 15:14 | Crear | Villager (Male) |
| 15:29 | Crear | Scout Cavalry |
| 15:48 | Construir | Farm |
| 15:51 | Crear | Villager (Male) |
| 16:13 | Crear | Scout Cavalry |
| 16:21 | Crear | Villager (Male) |
| 16:24 | Investigar | Forging |
| 16:27 | Construir | Farm |
| 16:33 | Construir | Lumber Camp |
| 16:34 | Crear | Villager (Male) |
| 16:38 | Construir | Farm |
| 16:40 | Construir | Farm |
| 16:42 | Crear | Scout Cavalry |
| 17:09 | Crear | Scout Cavalry |
| 17:14 | Construir | Mining Camp |
| 17:23 | Crear | Villager (Male) |
| 17:32 | Construir | Palisade Wall |
| 17:38 | Crear | Villager (Male) |
| 17:41 | Construir | Palisade Wall |
| 17:43 | Construir | Palisade Wall |
| 17:45 | Construir | Palisade Wall |
| 17:48 | Construir | Palisade Wall |
| 17:51 | Crear | Villager (Male) |
| 17:58 | Crear | Scout Cavalry |
| 18:24 | Crear | Scout Cavalry |
| 18:27 | Crear | Villager (Male) |
| 18:41 | Crear | Scout Cavalry |
| 18:46 | Crear | Villager (Male) |
| 19:09 | Crear | Villager (Male) |
| 19:16 | Construir | Stable |
| 19:29 | Crear | Scout Cavalry |
| 19:53 | Construir | Market |
| 20:03 | Crear | Villager (Male) |
| 20:05 | Construir | Farm |
| 20:20 | Investigar | Wheelbarrow |
| 20:20 | Investigar | Wheelbarrow |
| 20:30 | Construir | Farm |
| 21:11 | Construir | Mining Camp |
| 21:28 | Investigar | Bloodlines |
| 21:48 | Investigar | Castle Age |
| 21:48 | Investigar | Castle Age |
| 21:51 | Construir | Farm |
| 21:55 | Construir | House |
| 22:24 | Investigar | Gold Mining |
| 22:40 | Construir | House |
| 22:55 | Crear | Villager (Male) |
| 23:13 | Construir | House |
| 24:28 | Edad | Edad de los Castillos |
| 24:47 | Investigar | Husbandry |
| 24:48 | Crear | Knight |
| 24:48 | Crear | Knight |
| 24:49 | Investigar | Chain Barding Armor |
| 24:51 | Investigar | Iron Casting |
| 25:01 | Construir | Town Center |
| 25:04 | Crear | Villager (Male) |
| 25:11 | Construir | Farm |
| 25:14 | Construir | Farm |
| 25:18 | Construir | Farm |
| 25:31 | Crear | Knight |
| 25:31 | Crear | Knight |
| 25:50 | Crear | Villager (Male) |
| 25:50 | Crear | Villager (Male) |
| 26:08 | Crear | Knight |
| 26:08 | Crear | Knight |
| 26:23 | Crear | Knight |
| 26:24 | Crear | Knight |
| 26:24 | Crear | Villager (Male) |
| 26:24 | Crear | Villager (Male) |
| 26:29 | Construir | Farm |
| 26:29 | Construir | Farm |
| 26:30 | Construir | Farm |
| 26:30 | Construir | Farm |
| 26:30 | Construir | Farm |
| 26:30 | Construir | Farm |
| 26:35 | Crear | Villager (Male) |
| 26:35 | Crear | Villager (Male) |
| 26:43 | Crear | Knight |
| 27:01 | Crear | Knight |
Build order — LM | CoMa
Primeras 150 de 491 acciones detectadas
| 0:01 | Crear | Villager (Male) |
| 0:01 | Crear | Villager (Male) |
| 0:02 | Construir | House |
| 0:03 | Construir | House |
| 0:19 | Crear | Villager (Male) |
| 0:31 | Crear | Villager (Male) |
| 1:27 | Crear | Villager (Male) |
| 1:50 | Construir | Lumber Camp |
| 1:59 | Crear | Villager (Male) |
| 2:21 | Crear | Villager (Male) |
| 2:49 | Crear | Villager (Male) |
| 3:26 | Crear | Villager (Male) |
| 3:31 | Construir | House |
| 3:43 | Crear | Villager (Male) |
| 4:04 | Construir | Mill |
| 4:09 | Crear | Villager (Male) |
| 4:45 | Crear | Villager (Male) |
| 4:58 | Crear | Villager (Male) |
| 5:32 | Crear | Villager (Male) |
| 5:44 | Crear | Villager (Male) |
| 6:23 | Crear | Villager (Male) |
| 6:24 | Investigar | Loom |
| 7:16 | Investigar | Feudal Age |
| 7:37 | Construir | Barracks |
| 8:04 | Construir | House |
| 8:41 | Construir | Farm |
| 8:44 | Crear | Villager (Male) |
| 9:26 | Edad | Edad Feudal |
| 9:30 | Construir | Stable |
| 9:34 | Investigar | Double-Bit Axe |
| 9:40 | Crear | Villager (Male) |
| 10:04 | Construir | Mill |
| 10:08 | Crear | Scout Cavalry |
| 10:09 | Crear | Scout Cavalry |
| 10:19 | Construir | House |
| 10:28 | Construir | Palisade Wall |
| 10:30 | Construir | Palisade Wall |
| 10:32 | Crear | Villager (Male) |
| 10:34 | Crear | Villager (Male) |
| 10:56 | Construir | Farm |
| 11:02 | Construir | House |
| 11:07 | Construir | Palisade Wall |
| 11:08 | Construir | Palisade Wall |
| 11:11 | Crear | Villager (Male) |
| 11:26 | Construir | Palisade Wall |
| 11:30 | Construir | House |
| 11:34 | Construir | Farm |
| 11:36 | Construir | Farm |
| 11:37 | Crear | Villager (Male) |
| 11:59 | Crear | Villager (Male) |
| 12:02 | Investigar | Horse Collar |
| 12:18 | Construir | House |
| 12:34 | Crear | Scout Cavalry |
| 12:41 | Construir | House |
| 12:46 | Crear | Villager (Male) |
| 12:58 | Construir | House |
| 12:59 | Construir | Palisade Wall |
| 13:08 | Construir | Blacksmith |
| 13:11 | Crear | Scout Cavalry |
| 13:18 | Crear | Villager (Male) |
| 13:19 | Crear | Villager (Male) |
| 13:32 | Crear | Villager (Male) |
| 13:57 | Construir | House |
| 14:07 | Construir | Farm |
| 14:09 | Construir | Farm |
| 14:10 | Crear | Villager (Male) |
| 14:14 | Construir | Farm |
| 14:16 | Construir | Farm |
| 14:18 | Crear | Villager (Male) |
| 14:21 | Crear | Scout Cavalry |
| 14:41 | Investigar | Scale Barding Armor |
| 15:05 | Crear | Scout Cavalry |
| 15:18 | Construir | Lumber Camp |
| 15:21 | Construir | Farm |
| 15:32 | Crear | Villager (Male) |
| 15:33 | Crear | Villager (Male) |
| 16:04 | Investigar | Wheelbarrow |
| 16:18 | Construir | Farm |
| 16:36 | Construir | Market |
| 16:39 | Crear | Villager (Male) |
| 16:52 | Construir | Farm |
| 16:56 | Construir | Farm |
| 16:59 | Crear | Villager (Male) |
| 17:26 | Construir | Lumber Camp |
| 17:30 | Construir | Palisade Wall |
| 17:36 | Construir | Palisade Wall |
| 17:51 | Construir | Mining Camp |
| 17:59 | Crear | Villager (Male) |
| 18:50 | Crear | Villager (Male) |
| 19:15 | Crear | Villager (Male) |
| 19:20 | Construir | Farm |
| 19:28 | Investigar | Forging |
| 19:29 | Crear | Scout Cavalry |
| 19:33 | Investigar | Castle Age |
| 19:44 | Construir | Archery Range |
| 19:48 | Crear | Scout Cavalry |
| 19:53 | Investigar | Fletching |
| 20:28 | Construir | House |
| 20:43 | Construir | Palisade Wall |
| 21:08 | Construir | Archery Range |
| 21:28 | Construir | House |
| 21:32 | Construir | Palisade Wall |
| 21:37 | Construir | House |
| 21:43 | Investigar | Padded Archer Armor |
| 22:05 | Construir | Building 796 |
| 22:13 | Crear | Villager (Male) |
| 22:13 | Crear | Villager (Male) |
| 22:14 | Edad | Edad de los Castillos |
| 22:15 | Crear | Knight |
| 22:16 | Crear | Cavalry Archer |
| 22:17 | Crear | Cavalry Archer |
| 22:19 | Investigar | Bodkin Arrow |
| 22:28 | Construir | Town Center |
| 22:38 | Construir | Building 796 |
| 22:42 | Investigar | Gold Mining |
| 22:50 | Crear | Cavalry Archer |
| 22:52 | Crear | Knight |
| 23:07 | Crear | Cavalry Archer |
| 23:22 | Construir | Farm |
| 23:30 | Crear | Camel Scout |
| 23:31 | Crear | Cavalry Archer |
| 23:31 | Crear | Cavalry Archer |
| 23:51 | Crear | Villager (Male) |
| 23:52 | Crear | Villager (Male) |
| 23:58 | Crear | Knight |
| 23:58 | Crear | Knight |
| 24:07 | Crear | Camel Scout |
| 24:10 | Investigar | Husbandry |
| 24:14 | Crear | Villager (Male) |
| 24:15 | Crear | Villager (Male) |
| 24:32 | Crear | Villager (Male) |
| 24:40 | Crear | Camel Scout |
| 24:58 | Construir | University |
| 25:01 | Crear | Cavalry Archer |
| 25:21 | Crear | Camel Scout |
| 25:22 | Crear | Villager (Male) |
| 25:22 | Crear | Villager (Male) |
| 25:28 | Construir | House |
| 25:29 | Crear | Villager (Male) |
| 25:30 | Crear | Villager (Male) |
| 25:38 | Construir | Town Center |
| 25:59 | Investigar | Ballistics |
| 25:59 | Investigar | Ballistics |
| 26:02 | Crear | Cavalry Archer |
| 26:08 | Crear | Villager (Male) |
| 26:10 | Crear | Villager (Male) |
| 26:32 | Crear | Cavalry Archer |
| 26:33 | Crear | Villager (Male) |
| 26:33 | Crear | Villager (Male) |
| 26:40 | Construir | Farm |
Build order — Brudiiii
Primeras 150 de 518 acciones detectadas
| 0:02 | Crear | Villager (Male) |
| 0:03 | Construir | House |
| 0:04 | Construir | House |
| 0:05 | Crear | Villager (Male) |
| 0:05 | Crear | Villager (Male) |
| 0:05 | Crear | Villager (Male) |
| 1:27 | Crear | Villager (Male) |
| 1:28 | Crear | Villager (Male) |
| 1:51 | Crear | Villager (Male) |
| 1:51 | Crear | Villager (Male) |
| 1:58 | Construir | Lumber Camp |
| 2:21 | Crear | Villager (Male) |
| 2:21 | Crear | Villager (Male) |
| 2:56 | Crear | Villager (Male) |
| 2:57 | Crear | Villager (Male) |
| 3:14 | Crear | Villager (Male) |
| 3:38 | Crear | Villager (Male) |
| 3:52 | Crear | Villager (Male) |
| 4:05 | Crear | Villager (Male) |
| 4:05 | Crear | Villager (Male) |
| 4:21 | Crear | Villager (Male) |
| 4:22 | Crear | Villager (Male) |
| 4:31 | Crear | Villager (Male) |
| 4:39 | Construir | House |
| 4:44 | Investigar | Loom |
| 4:45 | Crear | Villager (Male) |
| 4:45 | Crear | Villager (Male) |
| 4:48 | Construir | Mill |
| 5:14 | Construir | House |
| 5:41 | Crear | Villager (Male) |
| 6:07 | Crear | Villager (Male) |
| 6:22 | Crear | Villager (Male) |
| 6:30 | Construir | House |
| 6:53 | Construir | Mill |
| 6:58 | Crear | Villager (Male) |
| 7:45 | Crear | Villager (Male) |
| 7:50 | Investigar | Feudal Age |
| 8:55 | Construir | Barracks |
| 9:18 | Construir | Mining Camp |
| 9:43 | Crear | Villager (Male) |
| 9:59 | Edad | Edad Feudal |
| 10:02 | Construir | Archery Range |
| 10:06 | Investigar | Double-Bit Axe |
| 10:21 | Crear | Villager (Male) |
| 10:32 | Crear | Villager (Male) |
| 10:46 | Crear | Archer |
| 10:46 | Crear | Archer |
| 10:48 | Construir | House |
| 11:01 | Crear | Villager (Male) |
| 11:04 | Construir | Farm |
| 11:05 | Construir | Farm |
| 11:18 | Crear | Villager (Male) |
| 11:19 | Crear | Archer |
| 11:26 | Construir | Blacksmith |
| 11:29 | Construir | House |
| 11:34 | Crear | Villager (Male) |
| 11:45 | Crear | Spearman |
| 11:50 | Crear | Archer |
| 12:07 | Crear | Villager (Male) |
| 12:08 | Crear | Archer |
| 12:36 | Investigar | Fletching |
| 12:42 | Construir | Farm |
| 12:43 | Construir | Farm |
| 12:47 | Crear | Villager (Male) |
| 12:56 | Construir | House |
| 12:57 | Construir | House |
| 13:05 | Crear | Archer |
| 13:07 | Crear | Spearman |
| 13:11 | Construir | Farm |
| 13:25 | Crear | Villager (Male) |
| 13:28 | Construir | Farm |
| 13:36 | Crear | Archer |
| 13:51 | Crear | Villager (Male) |
| 13:54 | Construir | Farm |
| 13:56 | Crear | Villager (Male) |
| 14:12 | Crear | Archer |
| 14:12 | Crear | Archer |
| 14:20 | Construir | Farm |
| 14:25 | Investigar | Horse Collar |
| 14:30 | Crear | Archer |
| 14:40 | Crear | Villager (Male) |
| 15:01 | Crear | Archer |
| 15:02 | Crear | Villager (Male) |
| 15:02 | Crear | Villager (Male) |
| 15:21 | Construir | Farm |
| 15:22 | Construir | Farm |
| 15:25 | Crear | Archer |
| 15:46 | Crear | Villager (Male) |
| 16:04 | Crear | Villager (Male) |
| 16:05 | Crear | Archer |
| 16:13 | Construir | Farm |
| 16:14 | Construir | Farm |
| 16:19 | Construir | House |
| 16:40 | Crear | Villager (Male) |
| 16:43 | Construir | House |
| 16:45 | Construir | House |
| 16:46 | Crear | Spearman |
| 17:08 | Crear | Villager (Male) |
| 17:11 | Construir | House |
| 17:13 | Construir | House |
| 17:17 | Construir | Lumber Camp |
| 17:19 | Crear | Villager (Male) |
| 17:21 | Construir | House |
| 17:24 | Construir | Palisade Wall |
| 17:33 | Crear | Villager (Male) |
| 17:58 | Crear | Villager (Male) |
| 18:05 | Crear | Spearman |
| 18:06 | Crear | Spearman |
| 18:31 | Crear | Villager (Male) |
| 18:43 | Crear | Villager (Male) |
| 18:43 | Crear | Villager (Male) |
| 19:02 | Crear | Villager (Male) |
| 19:09 | Crear | Archer |
| 19:09 | Crear | Archer |
| 19:27 | Crear | Villager (Male) |
| 19:33 | Crear | Spearman |
| 19:36 | Crear | Archer |
| 19:39 | Crear | Villager (Male) |
| 20:15 | Construir | Lumber Camp |
| 20:25 | Investigar | Castle Age |
| 20:45 | Crear | Archer |
| 21:07 | Construir | House |
| 21:11 | Construir | Palisade Wall |
| 21:18 | Construir | Mining Camp |
| 21:28 | Crear | Villager (Male) |
| 21:51 | Construir | Lumber Camp |
| 21:57 | Construir | Palisade Wall |
| 22:21 | Crear | Archer |
| 22:23 | Crear | Archer |
| 22:32 | Construir | House |
| 22:42 | Crear | Villager (Male) |
| 22:52 | Crear | Spearman |
| 22:57 | Construir | Archery Range |
| 22:59 | Investigar | Padded Archer Armor |
| 23:06 | Crear | Villager (Male) |
| 23:12 | Edad | Edad de los Castillos |
| 23:14 | Investigar | Crossbowman (upgrade) |
| 23:15 | Investigar | Bodkin Arrow |
| 23:41 | Investigar | Bow Saw |
| 23:44 | Construir | Farm |
| 23:47 | Construir | Farm |
| 23:50 | Crear | Archer |
| 23:50 | Crear | Archer |
| 23:59 | Crear | Archer |
| 23:59 | Crear | Archer |
| 24:06 | Crear | Villager (Male) |
| 24:13 | Crear | Archer |
| 24:45 | Investigar | Pikeman (upgrade) |
| 24:48 | Crear | Archer |
| 24:55 | Construir | Farm |
Cronología de la partida
| 5:08 | devaluaNico · wall_segment Palisade Wall x1 |
| 7:37 | LM | CoMa · first_building Barracks |
| 8:25 | champyinz.21 · first_building Barracks |
| 8:35 | devaluaNico · first_building Barracks |
| 8:55 | Brudiiii · first_building Barracks |
| 9:01 | LM | Gelga · wall_segment Palisade Wall x1 |
| 9:15 | champyinz.21 · age_up feudal |
| 9:17 | champyinz.21 · first_building Stable |
| 9:26 | LM | CoMa · age_up feudal |
| 9:30 | LM | CoMa · first_building Stable |
| 9:51 | helgibry · first_building Barracks |
| 9:52 | LM | Gelga · first_building Barracks |
| 9:54 | helgibry · wall_segment Palisade Wall x5 |
| 9:55 | devaluaNico · age_up feudal |
| 9:59 | Brudiiii · age_up feudal |
| 10:02 | Brudiiii · first_building Archery Range |
| 10:11 | devaluaNico · first_building Archery Range |
| 10:28 | LM | CoMa · wall_segment Palisade Wall x1 |
| 10:29 | LM | Gelga · age_up feudal |
| 10:30 | LM | CoMa · wall_segment Palisade Wall x1 |
| 10:45 | helgibry · wall_segment Palisade Wall x1 |
| 10:52 | LM | Gelga · first_building Archery Range |
| 10:59 | helgibry · wall_segment Palisade Wall x6 |
| 11:03 | helgibry · age_up feudal |
| 11:06 | helgibry · first_building Stable |
| 11:07 | LM | CoMa · wall_segment Palisade Wall x8 |
| 11:08 | LM | CoMa · wall_segment Palisade Wall x3 |
| 11:11 | LM | Gelga · wall_segment Palisade Wall x1 |
| 11:14 | LM | Gelga · wall_segment Palisade Wall x1 |
| 11:19 | LM | Gelga · wall_segment Palisade Wall x1 |
| 11:26 | LM | CoMa · wall_segment Palisade Wall x5 |
| 12:33 | devaluaNico · wall_segment Palisade Wall x7 |
| 12:40 | LM | Gelga · wall_segment Palisade Wall x1 |
| 12:44 | LM | Gelga · wall_segment Palisade Wall x4 |
| 12:59 | LM | CoMa · wall_segment Palisade Wall x1 |
| 17:24 | Brudiiii · wall_segment Palisade Wall x2 |
| 17:30 | LM | CoMa · wall_segment Palisade Wall x13 |
| 17:32 | champyinz.21 · wall_segment Palisade Wall x2 |
| 17:36 | LM | CoMa · wall_segment Palisade Wall x6 |
| 17:41 | champyinz.21 · wall_segment Palisade Wall x1 |
| 17:43 | champyinz.21 · wall_segment Palisade Wall x3 |
| 17:45 | champyinz.21 · wall_segment Palisade Wall x7 |
| 17:48 | champyinz.21 · wall_segment Palisade Wall x2 |
| 19:44 | LM | CoMa · first_building Archery Range |
| 19:50 | devaluaNico · first_market_sell 100 stone |
| 20:08 | helgibry · first_market_sell 100 wood |
| 20:15 | helgibry · first_market_buy 100 food |
| 20:43 | LM | CoMa · wall_segment Palisade Wall x1 |
| 21:11 | Brudiiii · wall_segment Palisade Wall x1 |
| 21:32 | LM | CoMa · wall_segment Palisade Wall x1 |
| 21:57 | Brudiiii · wall_segment Palisade Wall x1 |
| 22:14 | LM | CoMa · age_up castle |
| 22:35 | devaluaNico · wall_segment Palisade Wall x5 |
| 22:48 | devaluaNico · age_up castle |
| 23:03 | helgibry · age_up castle |
| 23:12 | Brudiiii · age_up castle |
| 23:47 | helgibry · wall_segment Palisade Wall x6 |
| 24:28 | champyinz.21 · age_up castle |
| 24:29 | LM | Gelga · age_up castle |
| 25:54 | LM | CoMa · first_market_buy 100 wood |
| 25:55 | LM | CoMa · first_market_sell 100 food |
| 26:10 | Brudiiii · wall_segment Palisade Wall x1 |
| 26:17 | helgibry · first_building Castle |
| 26:19 | Brudiiii · wall_segment Palisade Wall x1 |
| 26:38 | devaluaNico · first_building Monastery |
| 27:39 | helgibry · first_building Monastery |
| 28:15 | champyinz.21 · first_building Monastery |
| 29:23 | LM | Gelga · first_market_sell 100 wood |
| 30:16 | LM | Gelga · first_building Stable |
| 31:14 | Brudiiii · wall_segment Palisade Wall x1 |
| 31:15 | Brudiiii · wall_segment Palisade Wall x1 |
| 31:30 | LM | Gelga · first_building Monastery |
| 32:41 | Brudiiii · first_building Castle |
| 33:04 | LM | CoMa · first_building Castle |
| 33:13 | LM | Gelga · first_building Siege Workshop |
| 34:17 | champyinz.21 · first_market_buy 100 stone |
| 34:24 | champyinz.21 · first_building Castle |
| 34:31 | devaluaNico · first_building Castle |
| 36:01 | Brudiiii · first_building Stable |
| 36:16 | Brudiiii · wall_segment Palisade Wall x1 |
| 36:54 | devaluaNico · first_building Stable |
| 37:04 | champyinz.21 · first_market_sell 100 stone |
| 37:18 | devaluaNico · wall_segment Palisade Wall x1 |
| 38:03 | LM | Gelga · first_market_buy 100 food |
| 38:07 | Brudiiii · first_market_buy 500 food |
| 38:11 | Brudiiii · first_market_sell 100 wood |
| 38:55 | LM | CoMa · age_up imperial |
| 39:07 | devaluaNico · age_up imperial |
| 39:33 | LM | CoMa · first_building Monastery |
| 39:35 | helgibry · age_up imperial |
| 39:56 | LM | Gelga · first_building Krepost |
| 40:01 | Brudiiii · first_building Siege Workshop |
| 40:20 | champyinz.21 · age_up imperial |
| 41:21 | LM | Gelga · age_up imperial |
| 41:28 | Brudiiii · age_up imperial |
| 41:34 | LM | Gelga · first_building Castle |
| 44:27 | LM | CoMa · first_building Siege Workshop |
| 44:40 | Brudiiii · first_building Monastery |
| 45:22 | devaluaNico · first_market_buy 100 wood |
| 53:55 | LM | CoMa · resign |
[ ANÁLISIS IA · 1 CRÉDITO ]
¿Qué pasó realmente en esta partida?
Wolo.gg analiza cada decisión: build order, eco, micro, errores típicos por bracket. Análisis personalizado por WhatsApp o Discord en 30 segundos.
Guía civ
Bereberes
Guía mapa
MegaRandom
Perfil
Jugador #966549